[ AOE2 MATCH · #477414463 ]
UnrankedBritons vs Hindustanis
[ REPLAY ANALYSIS · EXTRACTED FROM THE RECORDED GAME ]
Feudal
—
Castle
—
Imperial
—
| APM avg | 44.8 |
| APM peak | 68 |
| eAPM avg | 24.0 |
| Villagers / military | 5 / 0 |
Focus
⚔️ 25.8% · 🌾 74.2%
Feudal
—
Castle
—
Imperial
—
| APM avg | 4.7 |
| APM peak | 7 |
| eAPM avg | 4.7 |
| Villagers / military | 4 / 0 |
Focus
⚔️ 0.0% · 🌾 100.0%
Feudal
—
Castle
—
Imperial
—
| APM avg | 34.9 |
| APM peak | 48 |
| eAPM avg | 13.5 |
| Villagers / military | 5 / 0 |
Focus
⚔️ 15.0% · 🌾 85.0%
Feudal
—
Castle
—
Imperial
—
| APM avg | 25.5 |
| APM peak | 36 |
| eAPM avg | 10.4 |
| Villagers / military | 6 / 0 |
Focus
⚔️ 17.6% · 🌾 82.4%
Feudal
—
Castle
—
Imperial
—
| APM avg | 37.0 |
| APM peak | 45 |
| eAPM avg | 15.6 |
| Villagers / military | 4 / 0 |
Focus
⚔️ 22.7% · 🌾 77.3%
Feudal
—
Castle
—
Imperial
—
| APM avg | 40.6 |
| APM peak | 45 |
| eAPM avg | 15.6 |
| Villagers / military | 5 / 0 |
Focus
⚔️ 12.0% · 🌾 88.0%
Feudal
—
Castle
—
Imperial
—
| APM avg | 43.2 |
| APM peak | 64 |
| eAPM avg | 25.5 |
| Villagers / military | 11 / 0 |
Focus
⚔️ 15.8% · 🌾 84.2%
Feudal
—
Castle
—
Imperial
—
| APM avg | 40.6 |
| APM peak | 40 |
| eAPM avg | 18.7 |
| Villagers / military | 11 / 0 |
Focus
⚔️ 0.0% · 🌾 100.0%
Match map
Initial resources + every placement click. Lines = walls · curves = elevation contours. ◆ gold · ⬟ stone · ● berries · ✦ relic · ◌ wall gap
Your base
L_CLAN_Ponga's base
骑猪射箭's base
Gush's base
CurryandC4's base
Basher's base
VkA | Teiuska's base
SySeN_'s base
Smoothed initial terrain · ◌ = detected wall gap · hover for details
Inputs per minute
— Longbow - - L_CLAN_Ponga
Build order — Longbow
8 actions detected in the replay
| 0:01 | Create | Villager (Male) |
| 0:01 | Create | Villager (Male) |
| 0:07 | Build | Lumber Camp |
| 0:11 | Create | Villager (Male) |
| 0:36 | Build | Mill |
| 0:40 | Create | Villager (Male) |
| 0:57 | Create | Villager (Male) |
| 1:05 | Build | Palisade Wall |
Build order — L_CLAN_Ponga
1 actions detected in the replay
| 0:59 | Create | Villager (Male) ×4 |
Build order — 骑猪射箭
7 actions detected in the replay
| 0:03 | Create | Villager (Male) |
| 0:08 | Build | Lumber Camp |
| 0:14 | Build | Mill |
| 0:17 | Create | Villager (Male) |
| 0:18 | Create | Villager (Male) |
| 0:18 | Create | Villager (Male) |
| 1:05 | Create | Villager (Male) |
Build order — Gush
8 actions detected in the replay
| 0:02 | Create | Villager (Male) |
| 0:02 | Create | Villager (Male) |
| 0:19 | Build | Lumber Camp |
| 0:33 | Create | Villager (Male) |
| 0:33 | Create | Villager (Male) |
| 0:33 | Create | Villager (Male) |
| 0:37 | Build | Mill |
| 0:54 | Create | Villager (Male) |
Build order — CurryandC4
6 actions detected in the replay
| 0:01 | Create | Villager (Male) |
| 0:01 | Create | Villager (Male) |
| 0:02 | Create | Villager (Male) |
| 0:02 | Create | Villager (Male) |
| 0:07 | Build | Lumber Camp |
| 1:28 | Build | Mill |
Build order — Basher
7 actions detected in the replay
| 0:00 | Create | Villager (Male) |
| 0:01 | Create | Villager (Male) |
| 0:01 | Create | Villager (Male) |
| 0:18 | Build | Mill |
| 0:23 | Build | Lumber Camp |
| 0:30 | Create | Villager (Male) |
| 1:10 | Create | Villager (Male) |
Build order — VkA | Teiuska
13 actions detected in the replay
| 0:02 | Create | Villager (Male) |
| 0:02 | Create | Villager (Male) |
| 0:02 | Create | Villager (Male) |
| 0:07 | Build | Lumber Camp |
| 0:12 | Build | Mill |
| 0:18 | Create | Villager (Male) |
| 0:57 | Create | Villager (Male) |
| 0:57 | Create | Villager (Male) |
| 1:20 | Create | Villager (Male) |
| 1:20 | Create | Villager (Male) |
| 1:41 | Create | Villager (Male) |
| 1:41 | Create | Villager (Male) |
| 1:41 | Create | Villager (Male) |
Build order — SySeN_
13 actions detected in the replay
| 0:07 | Create | Villager (Male) |
| 0:07 | Create | Villager (Male) |
| 0:21 | Build | Lumber Camp |
| 0:44 | Build | Mill |
| 0:45 | Create | Villager (Male) |
| 0:46 | Create | Villager (Male) |
| 0:46 | Create | Villager (Male) |
| 0:46 | Create | Villager (Male) |
| 1:03 | Create | Villager (Male) |
| 1:03 | Create | Villager (Male) |
| 1:28 | Create | Villager (Male) |
| 1:28 | Create | Villager (Male) |
| 1:28 | Create | Villager (Male) |
Match timeline
| 1:05 | Longbow · wall_segment Palisade Wall x1 |
| 1:10 | L_CLAN_Ponga · resign |
[ AI ANALYSIS · 1 CREDIT ]
What really happened in this match?
Wolo.gg analyzes every decision: build order, eco, micro, common mistakes by bracket. Personalized analysis on WhatsApp or Discord in 30 seconds.
Civ guide
Britons
Perfil
Jugador #1101830